 Dungeon Crawl Stone Soup version 0.30.0-5-g1a98f26d00 (webtiles) character file.

Game seed: 15908843172463137237

1927 Ijustatesigmund the Destroyer (level 9, -4/65 HPs)
             Began as a Gnoll Conjurer on May 11, 2023.
             Was a Believer of Vehumet.
             Slain by a sky beast (6 damage)
             ... on level 7 of the Dungeon.
             The game lasted 00:14:37 (7539 turns).

Ijustatesigmund the Destroyer (Gnoll Conjurer)      Turns: 7539, Time: 00:14:38

Health: -4/65      AC:  8    Str: 16    XL:     9   Next: 17%
Magic:  7/18       EV: 13    Int: 19    God:    Vehumet [**....]
Gold:   390        SH:  0    Dex: 10    Spells: 14/21 levels left

rFire   . . .        d - +1 morningstar (flame)
rCold   . . .        (no shield)
rNeg    . . .        a - +0 steam dragon scales
rPois   .            s - +1 helmet
rElec   .            (no cloak)
rCorr   .            (no gloves)
SInv    +            (no boots)
Will    .....        (no amulet)
Stlth   ++           n - ring of see invisible
HPRegen 0.30/turn    c - +6 ring of strength
MPRegen 0.16/turn

%: no passive effects
@: silenced
A: fangs 1, strong nose, distributed training
a: Renounce Religion


You were on level 7 of the Dungeon.
You worshipped Vehumet.
Vehumet was pleased with you.
You visited 1 branch of the dungeon, and saw 7 of its levels.

You collected 390 gold pieces.

Inventory:

Hand Weapons
 d - a +1 morningstar of flaming (weapon)
 v - a +0 flail of holy wrath
Armour
 a - +0 steam dragon scales (worn)
 s - a +1 helmet (worn)
Jewellery
 c - a +6 ring of strength (right hand)
 l - a ring of willpower
 n - a ring of see invisible (left hand)
 t - a +6 ring of dexterity
 y - an amulet of guardian spirit
Scrolls
 e - 2 scrolls of fog
 h - 3 scrolls of poison
 j - a scroll of butterflies
 q - a scroll of enchant armour
 u - a scroll of teleportation
 x - 3 scrolls of torment {unknown}
Potions
 b - 2 potions of magic
 f - a potion of curing
 g - 3 potions of flight
 i - 2 potions of lignification
 k - a potion of might
 m - a potion of mutation {unknown}
 o - 2 potions of brilliance
 p - a potion of invisibility {unknown}
 r - a potion of haste {unknown}
 z - a potion of heal wounds {unknown}
 A - 2 potions of attraction {unknown}


   Skills:
 + Level 4.1 Fighting
 + Level 4.1 Short Blades
 + Level 4.1 Long Blades
 + Level 4.1 Axes
 + Level 4.1 Maces & Flails
 + Level 4.1 Polearms
 + Level 4.1 Staves
 + Level 4.1 Ranged Weapons
 + Level 4.1 Throwing
 + Level 4.1 Armour
 + Level 6.2 Dodging
 + Level 6.0 Stealth
 + Level 4.1 Shields
 + Level 4.1 Unarmed Combat
 + Level 6.5 Spellcasting
 + Level 8.0 Conjurations
 + Level 3.4 Hexes
 + Level 3.4 Summonings
 + Level 3.4 Necromancy
 + Level 3.4 Translocations
 + Level 3.4 Transmutations
 + Level 3.4 Fire Magic
 + Level 3.4 Ice Magic
 + Level 3.4 Air Magic
 + Level 3.4 Earth Magic
 + Level 3.4 Poison Magic
 + Level 4.5 Invocations
 + Level 4.1 Evocations


You had 14 spell levels left.
You knew the following spells:

 Your Spells              Type           Power      Damage    Failure   Level
a - Magic Dart            Conj           100%       1d8       1%          1
b - Searing Ray           Conj           72%        2d7       1%          2
c - Iskenderun's Mystic   Conj/Tloc      27%        2d7       10%         4

Your spell library contained the following spells:

 Spells                   Type           Power      Damage    Failure   Level
 Sandblast                Erth           38%        2d10      2%          1
 Summon Small Mammal      Summ           76%        N/A       2%          1
 Dazzling Flash           Conj/Hex       54%        N/A       3%          3
 Call Canine Familiar     Summ           19%        N/A       8%          3
 Summon Guardian Golem    Hex/Summ       19%        N/A       8%          3
 Tukima's Dance           Hex            19%        N/A       8%          3
 Fulminant Prism          Conj/Hex       13%        3d9       10%         4
 Iskenderun's Battlesphe  Conj           36%        2d9       11%         5
 Passage of Golubria      Tloc           19%        N/A       26%         4
 Fireball                 Conj/Fire      13%        3d7       28%         5
 Yara's Violent Unravell  Hex/Tmut       9%         3d6       58%         5
 Conjure Ball Lightning   Conj/Air       13%        3x3d6     83%         6
 Orb of Destruction       Conj           18%        9d8       98%         7


Dungeon Overview and Level Annotations

Branches:
Dungeon (7/15)             Temple (0/1) D:6

Altars:
Dithmenos
Kikubaaqudgha
Nemelex Xobeh
Sif Muna
Uskayaw
Vehumet


Innate Abilities, Weirdness & Mutations

You have very sharp teeth.
Your uncanny sense of smell can sniff out nearby items.
Your experience applies equally to all skills.


Message History

You erupt in a blast of force!
The mystic blast hits the sky beast!
The sky beast is moderately wounded.
The mystic blast hits the yak!
The yak is heavily wounded.
The yak is knocked back by the mystic blast.
The mystic blast hits the yak!
The yak is severely wounded.
The mystic blast hits the yak.
The yak is heavily wounded.
The yak closely misses you. x2
The yak gores you but does no damage.
The yak snorts and paws the ground.
The yak gores you!
* * * LOW HITPOINT WARNING * * *
The sky beast hits you but does no damage.
Unknown command.
Okay, then.
Casting: Iskenderun's Mystic Blast (dangerous; 10% risk of failure)
Confirm with . or Enter, or press ? or * to list all spells.
You erupt in a blast of force!
The mystic blast hits the yak.
The yak is heavily wounded.
The yak is knocked back by the mystic blast.
The mystic blast hits the yak!
The yak is heavily wounded.
The yak is knocked back by the mystic blast.
The mystic blast hits the yak!
The yak is almost dead.
The yak is knocked back by the mystic blast.
The mystic blast hits the yak!
The yak is severely wounded.
The yak is knocked back by the mystic blast.
The mystic blast hits the sky beast.
The sky beast is heavily wounded.
The sky beast is knocked back by the mystic blast.
As you read the scroll labelled HODADU ZIPI, it crumbles to dust.
A profound silence engulfs you.
It was a scroll of silence.
The sky beast hits you.
* * * LOW HITPOINT WARNING * * *
The sky beast shocks you.
You die...

∆ .
#############....
#@Y.Y...........y
#YY..............
#.....~........).
#...Y............
#................
#................
#................
#................
#...............


You could see 4 yaks and a sky beast.

Vanquished Creatures
  Maggie (D:6)
  A yak (D:7)
  A black bear (D:4)
  2 centaurs (D:6)
  2 phantoms (D:5)
  2 bullfrogs (D:6)
  A gnoll sergeant (D:6)
  2 scorpions
  A howler monkey (D:6)
  5 hounds
  A jelly (D:6)
  2 orc priests (D:5)
  Jessica (D:2)
  A sleepcap (D:5)
  3 iguanas
  6 orc wizards
  4 gnolls (D:6)
  7 adders
  A white imp (D:5)
  4 worms
  2 dart slugs
  22 orcs
  9 ball pythons
  7 bats
  7 endoplasms
  3 giant cockroaches
  14 goblins
  7 hobgoblins
  10 jackals
  3 quokkas
  4 frilled lizards
  6 kobolds
  4 rats
146 creatures vanquished.

Notes
Turn   | Place    | Note
-------+----------+-------------------------------------------
     0 | D:1      | Ijustatesigmund the Gnoll Conjurer began the quest for the
                  | Orb.
     0 | D:1      | Reached XP level 1. HP: 13/13 MP: 6/6
   105 | D:1      | Reached XP level 2. HP: 19/19 MP: 4/7
   109 | D:1      | Learned a level 2 spell: Searing Ray
   310 | D:1      | Reached skill level 5 in Spellcasting
   310 | D:1      | Reached XP level 3. HP: 17/25 MP: 1/9
   692 | D:1      | You fall into a shaft and drop 1 floor!
   968 | D:1      | Reached skill level 1 in Invocations
  1176 | D:2      | Noticed Jessica
  1178 | D:2      | Killed Jessica
  1179 | D:2      | Reached skill level 1 in Fighting
  1179 | D:2      | Reached skill level 1 in Short Blades
  1179 | D:2      | Reached skill level 1 in Long Blades
  1179 | D:2      | Reached skill level 1 in Axes
  1179 | D:2      | Reached skill level 1 in Maces & Flails
  1179 | D:2      | Reached skill level 1 in Polearms
  1179 | D:2      | Reached skill level 1 in Staves
  1179 | D:2      | Reached skill level 1 in Ranged Weapons
  1179 | D:2      | Reached skill level 1 in Throwing
  1179 | D:2      | Reached skill level 1 in Armour
  1179 | D:2      | Reached skill level 1 in Shields
  1179 | D:2      | Reached skill level 1 in Unarmed Combat
  1179 | D:2      | Reached skill level 1 in Evocations
  1179 | D:2      | Reached XP level 4. HP: 32/32 MP: 8/11
  1566 | D:2      | Reached skill level 1 in Hexes
  1566 | D:2      | Reached skill level 1 in Summonings
  1566 | D:2      | Reached skill level 1 in Necromancy
  1566 | D:2      | Reached skill level 1 in Translocations
  1566 | D:2      | Reached skill level 1 in Transmutations
  1566 | D:2      | Reached skill level 1 in Fire Magic
  1566 | D:2      | Reached skill level 1 in Ice Magic
  1566 | D:2      | Reached skill level 1 in Air Magic
  1566 | D:2      | Reached skill level 1 in Earth Magic
  1566 | D:2      | Reached skill level 1 in Poison Magic
  2212 | D:3      | Found a shadowy altar of Dithmenos.
  2292 | D:3      | Found a radiant altar of Vehumet.
  2303 | D:3      | Became a worshipper of Vehumet
  2739 | D:3      | Reached XP level 5. HP: 30/37 MP: 6/12
  2970 | D:3      | Found a hide-covered altar of Uskayaw.
  3378 | D:3      | Reached XP level 6. HP: 44/44 MP: 8/14
  3555 | D:3      | Reached * piety under Vehumet
  3555 | D:3      | Offered knowledge of Freeze by Vehumet.
  3677 | D:4      | Reached skill level 5 in Dodging
  3744 | D:4      | Learned a level 4 spell: Iskenderun's Mystic Blast
  3890 | D:4      | Noticed a black bear
  3896 | D:4      | Killed a black bear
  4740 | D:5      | Entered Level 5 of the Dungeon
  4761 | D:5      | Reached XP level 7. HP: 34/50 MP: 11/15
  5225 | D:5      | Reached skill level 5 in Stealth
  5505 | D:5      | Found a shimmering blue altar of Sif Muna.
  5758 | D:5      | Reached ** piety under Vehumet
  5763 | D:5      | Offered knowledge of Sandblast by Vehumet.
  6273 | D:5      | Reached XP level 8. HP: 57/58 MP: 16/16
  6453 | D:6      | Found an ancient bone altar of Kikubaaqudgha.
  6567 | D:6      | Found a staircase to the Ecumenical Temple.
  6698 | D:6      | Found a sparkling altar of Nemelex Xobeh.
  6882 | D:6      | Noticed Maggie
  6913 | D:6      | Killed Maggie
  6914 | D:6      | Reached XP level 9. HP: 14/65 MP: 11/18
  7512 | D:7      | Noticed a hornet
  7531 | D:7      | Reached skill level 8 in Conjurations
  7536 | D:7      | HP: 3/65 [yak (14)]
  7539 | D:7      | Slain by a sky beast

Illustrated notes

Levels and vault maps discovered:
D:1:      lemuel_arrival_cross, layout_rooms, serial_aquarium,
          aquarium_bridge_long_joined [aquarium_subvault_wall,
          aquarium_subvault_balcony, aquarium_subvault_bridge,
          aquarium_subvault_bridge, aquarium_subvault_window,
          aquarium_subvault_window], aquarium_bridge_square
          [aquarium_subvault_wall, aquarium_subvault_bridge,
          aquarium_subvault_bridge, aquarium_subvault_bridge],
          aquarium_window_corridor_2, aquarium_window_1, aquarium_view_2f,
          aquarium_balcony_3a, corner_web_ring
D:2:      layout_basic, hangedman_decor_points, minmay_increasing_density,
          uniq_jessica
D:3:      layout_loops_corners, nicolae_vehumet_radiance,
          mainiacjoe_overflow_brackets, mainiacjoe_overflow_catwalk
D:4:      layout_cave_pods
D:5:      layout_rooms, mainiacjoe_overflow_cross_hatched
D:6:      layout_basic, mainiacjoe_overflow_chevrons,
          nicolae_overflow_crystal_walls, minmay_temple_entry_glass, uniq_maggie
D:7:      hellmonk_crumbling_castle, layout_basic

Skill      XL: |  1  2  3  4  5  6  7  8  9 |
---------------+----------------------------+-----
Spellcasting   | 5 6 |  6.5
Invocations    | 1 2 3 4 |  4.5
Fighting       | 1 2 3 4 |  4.1
Short Blades   | 1 2 3 4 |  4.1
Long Blades    | 1 2 3 4 |  4.1
Axes           | 1 2 3 4 |  4.1
Maces & Flails | 1 2 3 4 |  4.1
Polearms       | 1 2 3 4 |  4.1
Staves         | 1 2 3 4 |  4.1
Ranged Weapons | 1 2 3 4 |  4.1
Throwing       | 1 2 3 4 |  4.1
Armour         | 1 2 3 4 |  4.1
Shields        | 1 2 3 4 |  4.1
Unarmed Combat | 1 2 3 4 |  4.1
Evocations     | 1 2 3 4 |  4.1
Hexes          | 1 2 3 |  3.4
Summonings     | 1 2 3 |  3.4
Necromancy     | 1 2 3 |  3.4
Translocations | 1 2 3 |  3.4
Transmutations | 1 2 3 |  3.4
Fire Magic     | 1 2 3 |  3.4
Ice Magic      | 1 2 3 |  3.4
Air Magic      | 1 2 3 |  3.4
Earth Magic    | 1 2 3 |  3.4
Poison Magic   | 1 2 3 |  3.4
Dodging        | 5 6 |  6.2
Stealth        | 5 6 |  6.0
Conjurations   | 8 |  8.0

Action                     |  1- 3 |  4- 6 |  7- 9 || total
---------------------------+-------+-------+-------++-------
  Melee: Whip              |     9 |    20 |       ||    29
         Bite              |       |     2 |    16 ||    18
         Flail             |       |     6 |    78 ||    84
         Punch             |       |       |     2 ||     2
         Morningstar       |       |       |    19 ||    19
   Cast: Magic Dart        |    42 |   123 |    96 ||   261
         Searing Ray       |     1 |     5 |    13 ||    19
         Iskenderun's Myst |       |       |    10 ||    10
    Use: Scroll            |     5 |     7 |     2 ||    14
         Potion            |       |     1 |     5 ||     6
   Stab: Sleeping          |       |       |     3 ||     3
 Armour: Robe              |     2 |     3 |    44 ||    49
         Steam dragon scal |       |       |     7 ||     7
  Dodge: Dodged            |    11 |    31 |   123 ||   165
